 Dungeon Crawl Stone Soup version 0.28.0-43-g3370ac3207 (webtiles) character file.

Game seed: 1434345932401128983

32 Milton the Ducker (level 3, -1/15 HPs)
             Began as a Felid Air Elementalist on Mar 5, 2022.
             Was an Initiate of Gozag.
             Succumbed to an adder's poison
             ... on level 2 of the Dungeon.
             The game lasted 00:09:36 (1434 turns).

Milton the Ducker (Felid Air Elementalist)          Turns: 1434, Time: 00:09:38

Health: -1/15      AC:  1    Str:  4    XL:     3   Next: 10%
Magic:  1/7        EV: 17    Int: 18    God:    Gozag
Gold:   57         SH:  0    Dex: 16    Spells: 0/6 levels left
                                        Lives:  0   Deaths: 0

rFire   + . .      SeeInvis +   (weapon unavailable)
rCold   + . .      Faith    .   (shield unavailable)
rNeg    . . .      Spirit   .   (armour unavailable)
rPois   +          Reflect  .   (helmet unavailable)
rElec   +          Harm     .   (cloak unavailable)
rCorr   +          Rampage  .   (gloves unavailable)
Will    .....                   (boots unavailable)
Stlth   ++........              (no amulet)
HPRegen 0.05/turn               c - ring of poison resistance
MPRegen 0.10/turn               (no ring)

@: lethally poisoned (-1 -> -7), resistant, very slightly contaminated, quick
A: very small, claws 1, fangs 3, see invisible, speed 1, shaggy fur 1, stealthy
paws, no weapons or thrown items, no armour, multi-lived
a: Renounce Religion, Potion Petition, Call Merchant, Bribe Branch


You were on level 2 of the Dungeon.
You worshipped Gozag.
Gozag was noncommittal.
You visited 1 branch of the dungeon, and saw 2 of its levels.

You collected 57 gold pieces.

Inventory:

Jewellery
 c - a ring of poison resistance (left paw)
Scrolls
 a - 3 scrolls of identify {unknown}
Potions
 b - a potion of resistance


   Skills:
 * Level 0.3 Fighting
 * Level 3.0 Dodging
 * Level 3.0 Stealth
 * Level 0.1 Unarmed Combat
 * Level 2.4 Spellcasting
 * Level 1.0 Conjurations
 * Level 0.4 Ice Magic
 * Level 3.0 Air Magic


You couldn't memorise any spells.
You knew the following spells:

 Your Spells              Type           Power      Damage    Failure   Level
a - Shock                 Conj/Air       36%        1d5       8%          1
b - Freeze                Ice            12%        1d4       14%         1
c - Static Discharge      Conj/Air       9%         N/A       12%         2
d - Sublimation of Blood  Necr           2%         N/A       26%         2

Your spell library contained the following spells:

 Spells                   Type           Power      Damage    Failure   Level
 Swiftness                Air            13%        N/A       16%         3
 Frozen Ramparts          Ice            6%         1d2       38%         3
 Airstrike                Air            6%         N/A       45%         4
 Hailstorm                Conj/Ice       4%         3d4       77%         4
 Petrify                  Tmut/Erth      2%         N/A       86%         4
 Irradiate                Conj/Tmut      2%         3d14      98%         5


Dungeon Overview and Level Annotations

Branches:
Dungeon (2/15)

Altars:
Gozag


Innate Abilities, Weirdness & Mutations

You have sharp claws.
You have razor-sharp teeth.
You have supernaturally acute eyesight. (SInv)
You cover ground quickly. (Speed+)
You are covered in fur. (AC +1)
Your paws help you pounce on unaware monsters.
You are incapable of wielding weapons or throwing items.
You cannot wear armour.
You gain extra lives every three experience levels.


Message History

An adder comes into view.
Casting: Static Discharge (safe; 12% risk of failure)
Press: ? - help, Q - select action, (/) - cycle Dir - look around, f - activate You miscast Static Discharge.
You are very lightly contaminated with residual magic.
Nothing appears to happen.
The adder bites you.
You are poisoned.
The adder poisons you! The adder bites you.
Casting: Static Discharge (safe; 12% risk of failure)
Press: ? - help, Q - select action, (/) - cycle Dir - look around, f - activate The adder is struck by an arc of lightning!
The adder is severely wounded.
The lightning grounds out.
You feel sick. The adder bites you but does no damage.
Casting: Static Discharge (safe; 12% risk of failure)
Confirm with . or Enter, or press ? or * to list all spells.
Aiming: Freeze (safe; 14% risk of failure)
Press: ? - help, Shift-Dir - straight line, f - adder
Aim: an adder (severely wounded)
You freeze the adder.
The adder is severely wounded.
You feel sick. The adder bites you.
* * * LOW HITPOINT WARNING * * *
You are more poisoned.
The adder poisons you!
It was a potion of resistance.
You feel protected.
* * * LOW HITPOINT WARNING * * *
You feel sick. The adder closely misses you.
Casting: Freeze (safe; 14% risk of failure)
Confirm with . or Enter, or press ? or * to list all spells.
Aiming: Freeze (safe; 14% risk of failure)
Press: ? - help, Shift-Dir - straight line, f/p - adder
Aim: an adder (severely wounded)
You freeze the adder.
The adder is almost dead.
The adder seems to slow down.
You die...
Your body crumbles into a pile of gold.

#### ##### ... ...
#.# #.# #.####.##
#.......#####.. #
#.#####........
#..###.#####.#####.#
#......##....# ##.
#..###@##.##.#
#..####
#....S.##.#######
#....
#.####..#.#.....#
#..## ...#.#.#.#.#
##.# ####...#.# ..
#.# #####.# ###.#
#...#.# ..##.##
#.#.#.#.# #...#
#.#.....# #....


You could see an adder (slow).

Vanquished Creatures
  3 endoplasms
  2 giant cockroaches (D:1)
  5 hobgoblins
  4 kobolds (D:1)
  A quokka (D:1)
  2 ball pythons (D:1)
  4 bats
  3 frilled lizards (D:1)
  2 goblins (D:1)
  5 rats
31 creatures vanquished.

Vanquished Creatures (others)
  A plant (D:1)
1 creature vanquished.

Grand Total: 32 creatures vanquished

Notes
Turn   | Place    | Note
-------+----------+-------------------------------------------
     0 | D:1      | Milton the Felid Air Elementalist began the quest for the
                  | Orb.
     0 | D:1      | Reached XP level 1. HP: 7/7 MP: 4/4
    15 | D:1      | Learned a level 1 spell: Freeze
   420 | D:1      | Reached XP level 2. HP: 11/11 MP: 1/6
   470 | D:1      | Learned a level 2 spell: Static Discharge
   667 | D:1      | Reached skill level 1 in Conjurations
  1245 | D:2      | Reached XP level 3. HP: 15/15 MP: 4/7
  1248 | D:2      | Learned a level 2 spell: Sublimation of Blood
  1328 | D:2      | Found a faded altar of an unknown god.
  1357 | D:2      | Prayed at the altar of an unknown god.
  1357 | D:2      | Became a worshipper of Gozag Ym Sagoz the Greedy
  1434 | D:2      | Succumbed to an adder's poison

Illustrated notes

Levels and vault maps discovered:
D:1:      eino_arrival_water_cross, layout_basic, supply_closet_lemuel
D:2:      layout_loops_ring, hellmonk_ecumenical_altar_run_dry, basic_altar,
          minmay_misc_feat_ornament

Skill      XL: |  1  2  3 |
---------------+----------+-----
Dodging        | 3 |  3.0
Conjurations   | 1 |  1.0
Air Magic      | 3 |  3.0
Stealth        | 3 |  3.0
Fighting       | |  0.3
Unarmed Combat | |  0.1
Spellcasting   | |  2.4
Ice Magic      | |  0.4

Action                   || total
-------------------------++-------
Melee: Unarmed           ||    11
       Bite              ||     1
 Cast: Freeze            ||    11
       Shock             ||    13
       Static Discharge  ||    13
  Use: Scroll            ||     1
       Potion            ||     1
 Stab: Sleeping          ||     6
Armor: Skin              ||     3
Dodge: Dodged            ||    22
